Map: Deathaura LE

Players

Zest - Winner!

  • Race: Protoss Protoss
  • Spawn Location: 5:00

ShoWTimE

  • Race: Protoss Protoss
  • Spawn Location: 11:00

Event: TSL 6

VOD

Have the link to the VOD?

Description

Time

  • Played on: Dec. 13, 2020, 2:01 p.m.
  • Length: 12:34

All games in this series

Show
View Real Time Build Order
Export as new Build Order

Zest Protoss - Winner!

Build Orders: Phoenix Opening, Zealot Archon, Dark Templar Rush 

Get SALT Encoding   

  12  0:00  Probe  
  13  0:12  Probe  
  14  0:17  Pylon  
  14  0:24  Probe (Chrono Boost)  
  15  0:36  Gateway, Probe (Chrono Boost)  
  16  0:43  Probe (Chrono Boost)  
  16  0:45  Assimilator  
  17  0:51  Probe  
  18  1:03  Probe (Chrono Boost)  
  19  1:04  Assimilator  
  19  1:09  Gateway  
  19  1:12  Probe (Chrono Boost)  
  19  1:17  Probe (Chrono Boost)  
  20  1:25  Cybernetics Core  
  21  1:29  Probe  
  22  1:35  Pylon  
  22  1:41  Probe  
  23  1:53  Probe  
  24  2:01  Stalker x2  
  24  2:03  Warp Gate  
  28  2:10  Pylon  
  28  2:23  Pylon  
  28  2:32  Sentry  
  28  2:36  Sentry  
  32  2:46  Nexus  
  32  2:47  Probe (Chrono Boost)  
  34  2:59  Probe (Chrono Boost)  
  34  3:01  Twilight Council  
  34  3:04  Probe (Chrono Boost)  
  34  3:05  Phoenix  
  35  3:14  Shield Battery, Probe (Chrono Boost)  
  36  3:21  Pylon  
  36  3:26  Probe (Chrono Boost)  
  37  3:33  Probe (Chrono Boost)  
  38  3:39  Dark Shrine  
  38  3:40  Probe  
  39  3:49  Gateway  
  40  3:59  Stalker  
  40  4:00  Stalker  
  43  4:03  Probe  
  44  4:15  Probe x2  
  46  4:26  Stalker  
  46  4:27  Stalker, Probe  
  46  4:30  Probe  
  52  4:40  Probe  
  52  4:42  Probe  
  52  4:52  Probe (Chrono Boost)  
  53  4:53  Dark Templar x2  
  53  4:55  Probe (Chrono Boost)  
  53  4:59  Assimilator  
  58  5:03  Probe (Chrono Boost)  
  58  5:04  Probe (Chrono Boost)  
  60  5:07  Dark Templar  
  60  5:09  Probe x2 (Chrono Boost)  
  60  5:11  Pylon  
  62  5:18  Pylon  
  62  5:29  Probe  
  62  5:30  Probe  
  62  5:38  Blink (Chrono Boost)  
  62  5:42  Probe x2, Nexus  
  64  5:51  Pylon  
  64  5:53  Assimilator  
  64  5:54  Probe x2  
  64  5:55  Stalker  
  68  6:03  Stalker  
  70  6:06  Probe x2  
  70  6:08  Stalker, Pylon  
  74  6:16  Pylon  
  74  6:18  Probe  
  75  6:22  Archon  
  75  6:27  Pylon  
  75  6:29  Shield Battery  
  75  6:32  Robotics Facility  
  75  6:34  Probe x2  
  75  6:35  Stalker x2  
  75  6:36  Stalker  
  83  6:46  Probe  
  84  6:50  Probe  
  85  6:56  Forge  
  85  6:57  Probe  
  85  6:58  Probe  
  85  7:00  Sentry  
  89  7:03  Probe  
  90  7:09  Probe  
  90  7:13  Probe  
  92  7:15  Gateway  
  92  7:17  Gateway  
  92  7:19  Gateway  
  92  7:20  Protoss Ground Weapons Level 1 (Chrono Boost)  
  92  7:21  Observer (Chrono Boost)  
  93  7:25  Charge (Chrono Boost)  
  96  7:42  Immortal  
  97  7:53  Nexus  
  97  8:00  Probe x2  
  97  8:03  Gateway  
  97  8:04  Gateway  
  97  8:05  Gateway  
  99  8:06  Pylon  
  99  8:12  Probe x2  
  101  8:18  Probe  
  102  8:23  Immortal  
  102  8:24  Probe x2  
  102  8:26  Templar Archives  
  108  8:27  Gateway  
  108  8:31  Gateway  
  108  8:33  Probe  
  109  8:36  Probe x2  
  111  8:45  Probe  
  112  8:54  Pylon  
  112  8:59  Probe x3, Protoss Ground Weapons Level 2 (Chrono Boost)  
  112  9:00  Assimilator x2, Immortal  
  115  9:06  High Templar x4  
  127  9:14  Pylon  
  127  9:15  Gateway  
  127  9:17  Gateway  
  127  9:20  Archon, Pylon  
  127  9:21  Archon  
  127  9:22  Pylon  
  127  9:28  Zealot x3, High Templar x2  
  127  9:29  Zealot  
  139  9:33  Warp Prism, Photon Cannon  
  139  9:36  Photon Cannon  
  139  9:37  Archon  
  141  9:45  High Templar  
  141  9:46  High Templar  
  141  9:48  Pylon  
  141  9:50  Archon, Pylon  
  141  9:51  Pylon  
  141  9:52  Pylon  
  145  9:53  Zealot  
  145  9:54  Zealot x5  
  145  9:56  Photon Cannon  
  157  10:02  Photon Cannon  
  157  10:04  Shield Battery  
  157  10:11  Zealot x2, High Templar x2  
  165  10:15  Archon  
  165  10:23  Assimilator  
  165  10:25  Assimilator  
  165  10:31  High Templar  
  165  10:32  Zealot x6, High Templar  
  165  10:33  Zealot x2  
  165  10:34  Nexus  
  185  10:36  Archon  
  181  10:52  Zealot x4  
  181  10:53  Zealot x6  
  181  10:56  Observer  
  179  11:09  Zealot x2  
  177  11:14  Zealot x3  
  177  11:15  Zealot x7  
  177  11:18  Observer (Chrono Boost)  
  134  11:37  High Templar x2  
  134  11:38  Zealot, High Templar x2  
  134  11:39  Zealot x7  
  150  11:40  Observer  
  150  11:44  Archon x2  
  151  11:47  Pylon  
  151  12:00  Stalker x3  
  151  12:01  Stalker x5  
  165  12:03  Observer (Chrono Boost)  
  126  12:28  Zealot x10  
  126  12:29  Zealot x2  
Show
View Real Time Build Order
Export as new Build Order

ShoWTimE Protoss 

Build Orders: Oracle Opening 

Get SALT Encoding   

  12  0:00  Probe  
  13  0:12  Probe  
  14  0:17  Pylon  
  14  0:24  Probe (Chrono Boost)  
  15  0:35  Gateway  
  15  0:36  Probe (Chrono Boost)  
  16  0:44  Probe (Chrono Boost)  
  16  0:45  Assimilator  
  17  0:51  Probe  
  17  0:54  Assimilator  
  18  1:03  Probe (Chrono Boost)  
  19  1:07  Gateway  
  19  1:13  Probe (Chrono Boost)  
  19  1:18  Probe (Chrono Boost)  
  20  1:25  Cybernetics Core  
  21  1:29  Probe  
  22  1:34  Pylon  
  22  1:41  Probe  
  23  1:53  Probe  
  24  2:01  Stalker x2  
  26  2:02  Warp Gate  
  26  2:05  Probe  
  29  2:15  Pylon  
  29  2:27  Stargate  
  29  2:50  Nexus  
  29  2:57  Stalker  
  31  3:05  Stalker  
  33  3:11  Oracle (Chrono Boost)  
  33  3:17  Probe  
  37  3:23  Pylon  
  37  3:29  Probe  
  38  3:34  Shield Battery  
  38  3:41  Probe  
  38  3:42  Oracle (Chrono Boost)  
  42  3:53  Probe  
  43  3:58  Adept  
  43  3:59  Adept  
  47  4:03  Probe  
  47  4:08  Probe (Chrono Boost)  
  49  4:15  Probe (Chrono Boost)  
  51  4:25  Probe (Chrono Boost)  
  51  4:26  Probe (Chrono Boost)  
  51  4:30  Twilight Council, Probe (Chrono Boost)  
  53  4:31  Probe (Chrono Boost)  
  54  4:42  Probe  
  54  4:43  Probe  
  52  4:53  Forge  
  52  4:54  Probe (Chrono Boost)  
  52  4:56  Pylon  
  52  4:57  Shield Battery  
  52  4:59  Sentry  
  56  5:00  Probe (Chrono Boost)  
  56  5:04  Blink (Chrono Boost)  
  56  5:05  Probe (Chrono Boost)  
  57  5:10  Probe x2 (Chrono Boost)  
  59  5:17  Assimilator  
  59  5:19  Probe  
  59  5:20  Probe  
  60  5:21  Stalker  
  60  5:23  Stalker  
  62  5:35  Probe  
  62  5:48  Pylon  
  62  5:50  Protoss Ground Weapons Level 1 (Chrono Boost)  
  62  5:54  Robotics Facility  
  62  5:58  Pylon  
  62  6:06  Probe x2  
  62  6:08  Nexus  
  62  6:10  Pylon  
  64  6:18  Probe x2  
  64  6:25  Sentry x2  
  70  6:30  Gateway  
  70  6:31  Probe x2  
  72  6:32  Gateway  
  72  6:41  Observer  
  72  6:43  Probe x2  
  75  6:49  Gateway  
  75  6:54  Gateway  
  75  6:55  Probe x2  
  75  6:56  Pylon  
  75  6:57  Charge (Chrono Boost)  
  77  7:02  Shield Battery, Observer  
  77  7:07  Probe x2  
  80  7:14  Stalker x2  
  84  7:21  Pylon, Probe x2 (Chrono Boost)  
  84  7:22  Probe (Chrono Boost)  
  87  7:34  Probe (Chrono Boost)  
  87  7:35  Stalker x2  
  87  7:36  Probe x2 (Chrono Boost)  
  94  7:39  Pylon, Probe (Chrono Boost)  
  94  7:41  Pylon  
  94  7:43  Stalker x2, Probe x2  
  101  7:49  Probe  
  101  7:50  Stalker x2  
  106  7:54  Pylon, Protoss Ground Weapons Level 2 (Chrono Boost)  
  106  8:02  Nexus  
  106  8:07  Probe x2  
  108  8:16  Gateway  
  108  8:18  Gateway  
  108  8:21  Stalker x2  
  112  8:28  Probe x3  
  112  8:29  Assimilator  
  115  8:37  Photon Cannon  
  115  8:39  Photon Cannon  
  115  8:42  Immortal (Chrono Boost)  
  119  8:51  Dark Shrine  
  119  8:55  Shield Battery  
  119  8:58  Photon Cannon  
  119  8:59  Zealot x4  
  119  9:02  Pylon  
  127  9:05  Zealot x2  
  131  9:12  Immortal (Chrono Boost)  
  131  9:14  Zealot x2  
  139  9:23  Pylon  
  139  9:29  Assimilator, Probe  
  139  9:30  Probe x2  
  142  9:32  Probe  
  142  9:33  Assimilator  
  142  9:34  Robotics Bay  
  142  9:37  Photon Cannon  
  143  9:38  Robotics Facility  
  143  9:39  Shield Battery  
  143  9:46  Shield Battery, Photon Cannon  
  143  9:50  Shield Battery, Pylon  
  143  9:53  Zealot x4  
  151  10:02  Pylon  
  151  10:03  Dark Templar  
  151  10:04  Dark Templar  
  151  10:05  Pylon  
  155  10:08  Archon  
  155  10:09  Probe x3  
  155  10:12  Dark Templar x2  
  155  10:14  Zealot x3  
  168  10:16  Phoenix  
  168  10:18  Pylon  
  168  10:20  Archon, Pylon  
  168  10:28  Disruptor x2 (Chrono Boost)  
  174  10:39  Zealot x6  
  174  10:50  Dark Templar x2  
  144  11:00  Dark Templar  
  144  11:09  Disruptor  
  131  11:13  Zealot x5  
  129  11:22  Dark Templar x2  
  88  11:35  Dark Templar  
  88  11:36  Zealot  
  88  11:37  Zealot x4  
  85  11:40  Probe x3  
  85  11:41  Probe  
  85  11:42  Disruptor (Chrono Boost)  
  85  11:45  Disruptor (Chrono Boost)  
  92  11:52  Probe x3  
  92  11:53  Probe  
  99  11:54  Zealot  
  99  11:55  Zealot x5  
  99  11:56  Archon  
  99  11:57  Archon  
  99  12:00  Zealot  
  113  12:04  Probe x3  
  113  12:05  Probe  
  117  12:11  Zealot x6  
  132  12:16  Probe x2  
  132  12:21  Zealot x2  
Tags
 
Add a new tag
Caveats
  • Supply blocks, unpowered buildings, or Contaminate may cause inaccurate times.
  • Supply counts are checked every 10 seconds.